 Dungeon Crawl Stone Soup version 0.31-a0-145-g046c7d2549 (webtiles) character file.

Game seed: 17735668712134989431

1290 juan097 the Insei (level 8, -12/66 HPs)
             Began as a Green Draconian Transmuter on June 5, 2023.
             Was an Initiate of Gozag.
             Killed by an exploding vampire (24 damage)
             ... ignited by their inner flame
             ... on level 5 of the Dungeon.
             The game lasted 00:16:20 (4653 turns).

juan097 the Insei (Green Draconian Transmuter)      Turns: 4653, Time: 00:16:21

Health: -12/66     AC:  9    Str: 13    XL:     8   Next: 30%
Magic:  0/12       EV: 18    Int: 14    God:    Gozag
Gold:   289        SH:  0    Dex: 13    Spells: 7/13 levels left

rFire   . .          .
                       - Unarmed
rCold   . . .        (no shield)
rNeg    + . .        (body armour unavailable)
rPois   +            F - +2 hat
rElec   .            (no cloak)
rCorr   .            n - +0 pair of gloves
SInv    .            (no boots)
Will    +....        t - amulet of guardian spirit
Stlth   ++           i - +5 ring of evasion
HPRegen 0.31/turn    k - ring of positive energy
MPRegen 0.13/turn

%: guardian spirit
@: mighty, gold aura, enlightened, flying
A: breathe noxious fumes, AC +6, unfitting armour, poison resistance,
cold-blooded, no potion heal 1
a: Breathe Noxious Fumes, Renounce Religion, Potion Petition, Call Merchant,
Bribe Branch


You were on level 5 of the Dungeon.
You worshipped Gozag.
Gozag was aware of your devotion.
You visited 1 branch of the dungeon, and saw 5 of its levels.

You collected 487 gold pieces.
You paid 198 gold pieces to Gozag.

Inventory:

Hand Weapons
 b - a +0 sling
 w - the +8 trident of the Octopus King {venom, rElec rPois}
   (You found it on level 5 of the Dungeon)

   rElec:     It insulates you from electricity.
   rPois:     It protects you from poison.
Missiles
 a - 10 poisoned darts
 f - a throwing net
 o - 4 datura-tipped darts
Armour
 h - a +0 hat of intelligence
 n - a +0 pair of gloves (worn)
 F - a +2 hat (worn)
Jewellery
 i - a +5 ring of evasion (left hand)
 k - a ring of positive energy (right hand)
 t - an amulet of guardian spirit (around neck)
Wands
 B - a wand of charming (4)
Scrolls
 c - 3 scrolls of enchant weapon
 j - a scroll of immolation
 l - 4 scrolls of identify
 q - a scroll of acquirement {unknown}
 s - a scroll of teleportation {unknown}
 u - a scroll of butterflies {unknown}
 v - a scroll of brand weapon {unknown}
 y - a scroll of noise {unknown}
 z - a scroll of enchant armour {unknown}
 C - a scroll of amnesia {unknown}
 D - a scroll of fog {unknown}
 E - a scroll of blinking {unknown}
Potions
 e - 2 potions of curing
 m - a potion of heal wounds
 r - a potion of degeneration {unknown}
 x - 3 potions of attraction {unknown}
 A - a potion of haste {unknown}


   Skills:
 + Level 3.7 Fighting
 - Level 4.0 Dodging
 - Level 4.0 Stealth
 * Level 6.5 Unarmed Combat
 - Level 3.0 Spellcasting
 + Level 3.8 Transmutations
 - Level 2.0 Poison Magic


You had 7 spell levels left.
You knew the following spells:

 Your Spells              Type           Power      Damage    Failure   Level
a - Beastly Appendage     Tmut           26%        N/A       4%          1
b - Wereblood             Tmut           13%        N/A       7%          2
c - Spider Form           Tmut/Pois      10%        N/A       19%         3

Your spell library contained the following spells:

 Spells                   Type           Power      Damage    Failure   Level
 Necrotise                Necr           8%         1d4       22%         1
 Vampiric Draining        Necr           2%         2d6       54%         3
 Ice Form                 Ice/Tmut       7%         N/A       67%         4
 Agony                    Necr           2%         N/A       99%         5


Dungeon Overview and Level Annotations

Branches:
Dungeon (5/15)
 Temple: D:4-7

Altars:
Gozag

Annotations:
D:2 Terence
D:3 1 runed translucent door, Pokonic1's ghost, amateur GrFi; Sigmund
D:5 Menkaure


Innate Abilities, Weirdness & Mutations

You can breathe blasts of noxious fumes.
Your lurid green scales are hard. (AC +6)
You cannot fit into any form of body armour.
Your system is resistant to poisons. (rPois)
You are cold-blooded and may be slowed by cold attacks.
Potions are less effective at restoring your health.


Message History

* * * LOW HITPOINT WARNING * * *
Something misses you.
Your system partially rejects the healing.
You feel better. Something hits you but does no damage. Something bites you.
* * * LOW HITPOINT WARNING * * *
Something draws strength from your injuries!
Your system partially rejects the healing.
You feel better. Something barely misses you.
Something bites you but does no damage.
It was a potion of heal wounds.
Your system partially rejects the healing.
You feel much better.
You hear some strange, mumbled words.
Something tries to affect you, but you resist.
As you read the scroll labelled HOW EMUENINUT, it crumbles to dust.
The creatures around you are filled with an inner flame!
It was a scroll of immolation.
Something hits you but does no damage. Something bites you.
It was a potion of might.
You feel very mighty all of a sudden. Something hits you.
* * * LOW HITPOINT WARNING * * *
Something bites you.
* * * LOW HITPOINT WARNING * * *
Something draws strength from your injuries!
You miss something.
Your tail-slap misses something.
Something hits you but does no damage. Something bites you.
* * * LOW HITPOINT WARNING * * *
Something draws strength from your injuries!
You miss something.
Your tail-slap misses something.
Something hits you.
* * * LOW HITPOINT WARNING * * *
Something closely misses you.
You punch something!
Flame seeps out of something.
Your tail-slap misses something.
Reactivating autopickup.
You feel a bit more experienced.
The vampire explodes!
The fiery explosion engulfs you!!
You die...
Your body crumbles into a pile of gold.

### ###
#.####.################
#...#...#.............#
#.#.#..##.#..#'#..###.#
#.#.#..##.#@##.##.###)#
#.#....##.§○#...#.....#
#.###.###.§#######.#..# #.#
#.# #$.#.....#....# ####
######.# #.#
#..#.....'...## #...
.......###.###.#########..#
#...
#########....$.#......$#.##
#... #.####..#..$$......
#.#####...
#.#.........#......
#.........


There were no monsters in sight!

Vanquished Creatures
  A vampire (D:5)
  A water moccasin (D:3)
  Duvessa (D:5)
  An ice beast (D:5)
  2 black bears
  2 ogres (D:5)
  A phantom (D:4)
  3 scorpions (D:5)
  Dowan (D:5)
  A killer bee (D:5)
  A jelly (D:4)
  2 hounds
  An iguana (D:5)
  A sleepcap (D:5)
  An orc wizard (D:4)
  4 adders
  A shadow imp (D:5)
  A dart slug (D:3)
  13 orcs
  2 endoplasms
  4 giant cockroaches
  11 goblins
  6 hobgoblins
  3 jackals
  6 kobolds
  4 quokkas
  2 ball pythons
  5 bats
  A frilled lizard (D:1)
  4 rats
87 creatures vanquished.

Notes
Turn   | Place    | Note
-------+----------+-------------------------------------------
     0 | D:1      | juan097 the Draconian Transmuter began the quest for the
                  | Orb.
     0 | D:1      | Reached XP level 1. HP: 16/16 MP: 3/3
    19 | D:1      | You fall into a shaft and drop 1 floor!
   125 | D:1      | Reached XP level 2. HP: 20/23 MP: 3/5
   160 | D:1      | Learned a level 2 spell: Wereblood
   222 | D:1      | Reached skill level 1 in Stealth
  1023 | D:2      | Reached XP level 3. HP: 28/28 MP: 6/6
  1170 | D:2      | Learned a level 3 spell: Spider Form
  1378 | D:3      | Found an opulent altar of Gozag.
  1413 | D:3      | Found a runed translucent door.
  1420 | D:3      | Noticed Pokonic1's ghost (amateur GrFi)
  1439 | D:3      | Noticed a water moccasin
  1446 | D:3      | Killed a water moccasin
  1447 | D:3      | Reached skill level 4 in Unarmed Combat
  1447 | D:3      | Reached XP level 4. HP: 35/35 MP: 7/7
  1447 | D:3      | Reached XP level 5. HP: 40/40 MP: 8/8
  1492 | D:3      | Noticed an ogre
  1668 | D:3      | Noticed Sigmund
  1689 | D:2      | Noticed Terence
  2141 | D:3      | Became a worshipper of Gozag Ym Sagoz the Greedy
  2688 | D:4      | Reached XP level 6. HP: 42/47 MP: 6/9
  3261 | D:5      | Entered Level 5 of the Dungeon
  3649 | D:5      | Reached skill level 5 in Unarmed Combat
  3649 | D:5      | Reached skill level 1 in Poison Magic
  3649 | D:5      | Your scales start taking on a lurid green colour.
  3649 | D:5      | Reached XP level 7. HP: 55/55 MP: 6/10
  3649 | D:5      | Gained mutation: Your system is resistant to poisons.
                  | (rPois) [Green Draconian growth]
  3900 | D:5      | Noticed Menkaure
  4098 | D:5      | Noticed a vampire
  4206 | D:5      | Noticed Duvessa
  4206 | D:5      | Noticed Dowan
  4216 | D:5      | Killed Dowan
  4234 | D:5      | Killed Duvessa
  4235 | D:5      | Reached XP level 8. HP: 63/63 MP: 12/12
  4249 | D:5      | Reached skill level 6 in Unarmed Combat
  4432 | D:5      | Found the +8 trident of the Octopus King {venom, rElec
                  | rPois}
  4645 | D:5      | Gained mutation: Potions are less effective at restoring
                  | your health. [potion of mutation]
  4653 | D:5      | Killed by an exploding vampire... ignited by their inner
                  | flame

Illustrated notes

Levels and vault maps discovered:
D:1:      saegor_arrival_fortress, layout_basic, minmay_heptomino_l4
D:2:      minmay_inner_zag, layout_loops_cross, chequers_mini_garden,
          minmay_quantized, uniq_terence
D:3:      layout_loops_ring, mainiacjoe_overflow_catwalk, ebering_ghost_sewer_d,
          minmay_ogre_servants, uniq_sigmund
D:4:      layout_basic, hangedman_decor_diamond_cutter
D:5:      layout_basic, minmay_divided_ellipse, uniq_menkaure, uniq_duvessa

Skill      XL: |  1  2  3  4  5  6  7  8 |
---------------+-------------------------+-----
Dodging        | 2 3 4 |  4.0
Stealth        | 1 2 3 4 |  4.0
Unarmed Combat | 4 5 6 |  6.5
Fighting       | 2 3 |  3.7
Poison Magic   | 1 2 |  2.0
Transmutations | 3 |  3.8
Spellcasting   | 3 |  3.0

Action                     |  1- 3 |  4- 6 |  7- 9 || total
---------------------------+-------+-------+-------++-------
  Melee: Unarmed           |    81 |    86 |   104 ||   271
         Tailslap          |     6 |     9 |    14 ||    29
         Headbutt          |     8 |    17 |    16 ||    41
         Punch             |     2 |     2 |     3 ||     7
         Kick              |     9 |    23 |    18 ||    50
         Trident           |       |       |    15 ||    15
   Fire: Sling             |    17 |    40 |     1 ||    58
  Throw: Dart              |       |       |     7 ||     7
   Cast: Beastly Appendage |    16 |    18 |     6 ||    40
         Spider Form       |       |     3 |     1 ||     4
         Wereblood         |       |       |     2 ||     2
 Invoke: Potion Petition   |       |       |     1 ||     1
Ability: Breathe Noxious F |       |       |     6 ||     6
    Use: Potion            |     1 |       |     7 ||     8
         Scroll            |       |       |     2 ||     2
   Stab: Sleeping          |       |     3 |     1 ||     4
         Confused          |       |       |     8 ||     8
 Armour: Skin              |    25 |     8 |    27 ||    60
  Dodge: Dodged            |    73 |    59 |   110 ||   242

Table legend: (Time is in decaauts)
 A = Elapsed time spent in this place.
 B = Non-inter-level travel time spent in this place.
 C = Inter-level travel time spent in this place.
 D = Time resting spent in this place.
 E = Time spent auto-exploring this place.
 F = Levels seen in this place.
 G = Mean time per level.
                   A        B        C        D        E       F      G
               +--------+--------+--------+--------+--------+-----+--------+
         Total |   4628 |   4391 |    237 |    106 |   3086 |   5 |  925.6 |
       Dungeon |   4628 |   4391 |    237 |    106 |   3086 |   5 |  925.6 |
               +--------+--------+--------+--------+--------+-----+--------+

Top non-repeatable levels by time:
     D:5: 1361 daAuts
     D:4: 1027 daAuts
     D:1: 882 daAuts
     D:3: 853 daAuts
     D:2: 502 daAuts
